 Dungeon Crawl Stone Soup version 0.25.0-9-g26727b6 (webtiles) character file.

Game seed: 17187114526267270982

32 Arex the Skirmisher (level 3, 0/33 HPs)
             Began as a Draconian Monk on June 16, 2020.
             Slain by a gnoll
             ... wielding a +0 club
              (8 damage)
             ... on level 2 of the Dungeon.
             The game lasted 00:02:09 (1443 turns).

Arex the Skirmisher (Draconian Monk)                Turns: 1443, Time: 00:02:09

Health: 0/33       AC:  6    Str: 14    XL:     3   Next: 8%
Magic:  3/3        EV: 13    Int: 10    God:
Gold:   39         SH:  0    Dex: 13    Spells: 2/2 levels left

rFire    . . .     SeeInvis .     - Unarmed
rCold    . . .     Gourm    .   (no shield)
rNeg     . . .     Faith    .   (armour unavailable)
rPois    .         Spirit   .   g - +0 hat
rElec    .         Reflect  .   (no cloak)
rCorr    .         Harm     .   (no gloves)
MR       .....                  j - +0 pair of boots
Stlth    ++........             (no amulet)
HPRegen  0.11/turn              (no ring)
MPRegen  0.08/turn              (no ring)

@: no status effects
A: unfitting armour, cold-blooded, AC +5
a: no special abilities


You were on level 2 of the Dungeon.
You were not hungry.

You visited 1 branch of the dungeon, and saw 2 of its levels.

You collected 39 gold pieces.

Inventory:

Missiles
 f - 5 boomerangs (quivered)
Armour
 g - a +0 hat (worn)
 j - a +0 pair of boots (worn)
Scrolls
 d - 3 scrolls of identify
 e - 3 scrolls of enchant armour
 h - a scroll of remove curse
 k - a scroll of magic mapping {unknown}
 m - a scroll of immolation {unknown}
Potions
 b - a potion of ambrosia {unknown}
 c - a potion of might {unknown}
 i - a potion of mutation {unknown}
 l - a potion of curing {unknown}
Comestibles
 a - 5 rations
 n - 2 chunks of flesh


   Skills:
 + Level 3.8 Fighting
 + Level 3.1 Dodging
 - Level 1.7 Stealth
 + Level 3.4 Unarmed Combat


You had 2 spell levels left.
You didn't know any spells.
Your spell library was empty.

Dungeon Overview and Level Annotations

Branches:
Dungeon (2/15)

Altars:
Nemelex Xobeh


Innate Abilities, Weirdness & Mutations

Your plain brown scales are hard. (AC +5)
You cannot fit into any form of body armour.
You are cold-blooded and may be slowed by cold attacks.


Message History

You are held in a net!
You are held in a net!
You struggle against the net.
The gnoll closely misses you.
You tear a large gash into the net.
The gnoll barely misses you. The gnoll hits you with a +0 spear.
You shred the net and break free! The gnoll barely misses you.
The gnoll closely misses you. The gnoll barely misses you. x2
The gnoll hits you from afar with a +0 spear!
The gnoll hits you with a +0 flail!
* * * LOW HITPOINT WARNING * * *
Okay, then.
As you read the scroll labeled OBE WIANOAH, it crumbles to dust.
It is a scroll of identify.
e - 3 scrolls of enchant armour The gnoll completely misses you.
As you read the scroll labeled OVAEXZ FI ENILEA, it crumbles to dust.
You feel blessed for a moment.
It was a scroll of remove curse.
The gnoll hits you with a +0 club!
You die...

#### ### ... #.#
.###.###.# ......(..#
###....#.############
.........g.gg..g@...#
...###.#.############ #
......>.........#### .#
#.####.###.........###.###
. #.............รท.......
# ##.###.............### #
#.#............###### #
#.#.................. #
#########...#######


You could see 4 gnolls.

Vanquished Creatures
  An ooze (D:1)
  A dart slug (D:1)
  A leopard gecko (D:1)
  3 giant cockroaches
  A goblin (D:1)
  4 hobgoblins
  3 jackals (D:1)
  3 bats
  3 kobolds
  2 rats (D:1)
22 creatures vanquished.

Vanquished Creatures (others)
  A leopard gecko (D:2)
  A kobold (D:2)
2 creatures vanquished.

Grand Total: 24 creatures vanquished

Notes
Turn   | Place    | Note
-------+----------+-------------------------------------------
     0 | D:1      | Arex the Draconian Monk began the quest for the Orb.
     0 | D:1      | Reached XP level 1. HP: 19/19 MP: 1/1
    70 | D:1      | Reached XP level 2. HP: 5/26 MP: 2/2
  1183 | D:2      | Reached XP level 3. HP: 31/33 MP: 3/3
  1219 | D:2      | Found a sparkling altar of Nemelex Xobeh.
  1443 | D:2      | Slain by a gnoll

Illustrated notes

Levels and vault maps discovered:
D:1:      dpeg_arrival_court, layout_basic
D:2:      layout_basic, lemuel_doored_altar, lemuel_flame_loot_1

Skill      XL: |  1  2 |
---------------+-------+-----
Dodging        | 3 |  3.1
Fighting       | |  3.8
Stealth        | |  1.7
Unarmed Combat | |  3.4

Action                   || total
-------------------------++-------
Melee: Unarmed           ||    68
       Tailslap          ||     8
  Use: Scroll            ||     2
 Stab: Sleeping          ||     4
  Eat: Chunk             ||     2
Armor: Skin              ||    14
Dodge: Dodged            ||    34
